 Dungeon Crawl Stone Soup version 0.32-a0-136-gc02482bde3 (webtiles) character file.

Game seed: 8517378583785032761

78 dialectric the Shooter (level 4, -4/38 HPs)
             Began as a Hill Orc Hunter on Feb 11, 2024.
             Killed by divine providence
             ... invoked by an orc priest
              (15 damage)
             ... on level 3 of the Dungeon.
             The game lasted 00:02:20 (2174 turns).

dialectric the Shooter (Hill Orc Hunter)            Turns: 2174, Time: 00:02:20

Health: -4/38      AC:  4    Str: 15    XL:     4   Next: 36%
Magic:  4/4        EV: 12    Int:  9    God:
Gold:   183        SH:  0    Dex: 14    Spells: 3/3 levels left

rFire   . . .        a - +0 shortbow
rCold   . . .        (shield currently unavailable)
rNeg    . . .        c - +0 leather armour
rPois   .            (no helmet)
rElec   .            o - +0 cloak
rCorr   .            (no gloves)
SInv    .            (no boots)
Will    .....        (no amulet)
Stlth   +            (no ring)
HPRegen 0.26/turn    (no ring)
MPRegen 0.09/turn

%: no passive effects
@: no status effects
A: no striking features
a: Convert to Beogh


You were on level 3 of the Dungeon.
You visited 1 branch of the dungeon, and saw 3 of its levels.

You collected 183 gold pieces.

Inventory:

Hand Weapons
 a - a +0 shortbow (weapon)
 k - the +0 hand axe of True Grit {elec, Fly rElec}
   (You found it on level 2 of the Dungeon)

   rElec:     It insulates you from electricity.
   Fly:       It grants you flight.
Missiles
 m - 3 datura-tipped darts (quivered)
 p - a throwing net
Armour
 c - a +0 leather armour (worn)
 o - a +0 cloak (worn)
Jewellery
 g - a ring of resist corrosion
 q - an amulet of regeneration
Talismans
 l - a flux talisman
Scrolls
 b - a scroll of butterflies
 e - a scroll of teleportation {unknown}
 h - 2 scrolls of poison {unknown}
 i - 4 scrolls of identify {unknown}
 n - 2 scrolls of silence {unknown}
 r - a scroll of fog {unknown}
 s - a scroll of amnesia {unknown}
Potions
 d - a potion of mutation {unknown}
 f - a potion of curing {unknown}
 j - 3 potions of heal wounds {unknown}


   Skills:
 + Level 3.4 Fighting
 + Level 1.9 Axes
 + Level 4.0 Ranged Weapons
 + Level 2.3 Dodging
 - Level 1.1 Stealth


You had 3 spell levels left.
You didn't know any spells.
Your spell library contained the following spells:

 Spells                   Type           Power      Damage    Failure   Level
 Dazzling Flash           Conj/Hex       0%         N/A       83%         3
 Mephitic Cloud           Conj/Alch/Air  0%         N/A       83%         3
 Curse of Agony           Necr           0%         N/A       100%        5
 Silence                  Hex/Air        0%         N/A       100%        5


Dungeon Overview and Level Annotations

Branches:
Dungeon (3/15)

Altars:


Message History

The giant cockroach is heavily wounded.
The giant cockroach bites you but does no damage.
The giant cockroach barely misses you.
You shoot an arrow. The arrow hits the giant cockroach.
The giant cockroach is severely wounded.
The giant cockroach closely misses you.
You shoot an arrow. The arrow hits the giant cockroach.
You kill the giant cockroach!
You shoot an arrow. The arrow closely misses the orc.
The orc barely misses you.
An orc priest comes into view. It is wielding a +0 dagger.
The orc closely misses you.
You shoot an arrow. The arrow barely misses the orc.
The orc priest shouts!
The orc priest shouts, "Surrender to Beogh and we'll let you live!" (press Y on the ability menu to convert to Beogh)
The orc misses you.
You shoot an arrow. The arrow barely misses the orc.
The orc misses you.
You shoot an arrow. The arrow hits the orc.
The orc is almost dead.
The orc hits you with a +0 falchion.
You shoot an arrow. The arrow barely misses the orc.
You shoot an arrow. The arrow barely misses the orc.
The orc hits you with a +0 falchion. x2
The orc priest mumbles some strange prayers to Beogh against you.
Beogh smites you!
You are too injured to fight recklessly!
You are too injured to fight recklessly!
You are too injured to fight recklessly!
You are too injured to fight recklessly!
You are too injured to fight recklessly!
You are too injured to fight recklessly!
You are too injured to fight recklessly!
You are too injured to fight recklessly!
You are too injured to fight recklessly!
The orc attacks as it pursues you! The orc hits you with a +0 falchion.
* * * LOW HITPOINT WARNING * * *
The orc priest calls down the wrath of Beogh upon you.
Beogh smites you!
You die...

#.###........)#
#..........##.#
####.###########.#
.....# #.# ####.#
#.# #... #.# #####
#.# #.# #@# #.#
#o# #o).....#
######.##


You could see an orc priest and an orc.

Vanquished Creatures
  An adder (D:2)
  A ribbon worm (D:2)
  7 orcs
  3 bats
  4 endoplasms
  4 giant cockroaches
  5 goblins
  6 hobgoblins
  4 jackals (D:3)
  4 quokkas
  2 ball pythons (D:2)
  7 kobolds
  4 rats
52 creatures vanquished.

Notes
Turn   | Place    | Note
-------+----------+-------------------------------------------
     0 | D:1      | dialectric the Hill Orc Hunter began the quest for the Orb.
     0 | D:1      | Reached XP level 1. HP: 18/18 MP: 1/1
   100 | D:1      | Reached skill level 1 in Stealth
   212 | D:1      | Reached XP level 2. HP: 25/25 MP: 2/2
   616 | D:2      | Identified the +0 hand axe of True Grit {elec, Fly rElec}
   964 | D:2      | Reached XP level 3. HP: 27/31 MP: 3/3
   997 | D:2      | Reached skill level 1 in Axes
  1793 | D:3      | Reached XP level 4. HP: 37/38 MP: 4/4
  1840 | D:3      | Reached skill level 4 in Ranged Weapons
  2174 | D:3      | Killed from afar by an orc priest

Illustrated notes

Levels and vault maps discovered:
D:1:      dpeg_arrival_rooms_c, layout_loops_ring
D:2:      layout_loops_corners, serial_bayou, serial_bayou_shore_a,
          serial_bayou_pond_e, serial_bayou_crossing, serial_bayou_lagoon_b,
          serial_bayou_shore_b
D:3:      layout_loops_ring, kennysheep_pointless_box

Skill      XL: |  1  2  3  4 |
---------------+-------------+-----
Stealth        | 1 |  1.1
Fighting       | 3 |  3.4
Dodging        | 2 |  2.3
Axes           | 1 |  1.9
Ranged Weapons | 4 |  4.0

Action                     |  1- 3 |  4- 6 || total
---------------------------+-------+-------++-------
   Fire: Shortbow          |   112 |    54 ||   166
 Armour: Leather armour    |    23 |    18 ||    41
  Dodge: Dodged            |    32 |    27 ||    59

Table legend: (Time is in decaauts)
 A = Elapsed time spent in this place.
 B = Non-inter-level travel time spent in this place.
 C = Inter-level travel time spent in this place.
 D = Time resting spent in this place.
 E = Time spent auto-exploring this place.
 F = Levels seen in this place.
 G = Mean time per level.
                   A        B        C        D        E       F      G
               +--------+--------+--------+--------+--------+-----+--------+
         Total |   2240 |   2188 |     52 |      0 |   1843 |   3 |  746.7 |
       Dungeon |   2240 |   2188 |     52 |      0 |   1843 |   3 |  746.7 |
               +--------+--------+--------+--------+--------+-----+--------+

Top non-repeatable levels by time:
     D:2: 1067 daAuts
     D:3: 589 daAuts
     D:1: 583 daAuts
